[Event "FIDE WCCC Girls-10 2024"]
[Site "Montesilvano"]
[Date "2024.11.24"]
[Round "9.10"]
[White "Yunker, Alisa Genrietta"]
[Black "Isakhanyan, Nare"]
[Result "1-0"]
[Annotator "NA RC"]
[ECO "D94"]
[WhiteElo "1872"]
[BlackElo "1540"]
[PlyCount "137"]
[EventDate "2024.11.18"]
[EventType "swiss"]
[EventCountry "ITA"]
[SourceTitle "playchess.com"]
[Source "ChessBase"]
[SourceQuality "1"]
[TimeControl "5400+30"]

1. d4 Nf6 2. c4 c5 3. e3 g6 4. Nc3 Bg7 5. Nf3 O-O 6. Be2 cxd4 7. exd4 d5 8. O-O Nc6 9. h3 dxc4 10. Bxc4 Na5 11. Be2 Be6 12. Be3 Rc8 13. Ng5 Bc4 14. Re1 Bxe2 15. Qxe2 a6 16. Qd3 Nd5 17. Rad1 Nc4 18. Bc1 b5 19. Nce4 Qb6 20. b3 Nd6 21. Nc5 Rfd8 22. Bb2 Nf5 23. Qf3 Rc6 24. g4 Nh6 25. Nge4 Qc7 26. Qg3 Qxg3+ 27. fxg3 Nf6 28. Nf2 Nd5 29. Rd2 f5 30. gxf5 Nxf5 31. Nce4 Nf6 32. g4 Nh4 33. Re3 Nd5 34. Rg3 h6 35. Nd3 g5 36. Ne5 Rb6 37. a3 Nf4 38. Kf2 Nhg6 39. Nxg6 Rxg6 40. Re3 Rc6 41. Re1 Nxh3+ 42. Kg3 Nf4 43. Red1 Nd5 44. Rf1 Nf6 45. Re2 Nxe4+ 46. Rxe4 Bf6 47. Kf3 Rc2 48. Rf2 Rxf2+ 49. Kxf2 Kf7 50. Ke2 Rd6 51. Kd3 e5 52. Re2 exd4 53. Rf2 Ke7 54. a4 bxa4 55. Ba3 Be5 56. bxa4 Ke6 57. Bxd6 Kxd6 58. Kc4 Kc6 59. Rf8 Kb6 60. a5+ Kc6 61. Re8 Kd6 62. Ra8 Ke7 63. Rxa6 Bc7 64. Kxd4 Kd7 65. Kd5 Ke7 66. Ra7 Kd7 67. Rb7 Kc8 68. a6 Bf4 69. Rh7 1-0

[Event "FIDE WCCC Girls-10 2024"]
[Site "Montesilvano"]
[Date "2024.11.24"]
[Round "9.11"]
[White "Wang, Yi Xuan"]
[Black "Rekhviashvili, Mariam"]
[Result "0-1"]
[Annotator "NA RC"]
[ECO "D36"]
[WhiteElo "1668"]
[BlackElo "1610"]
[PlyCount "128"]
[EventDate "2024.11.18"]
[EventType "swiss"]
[EventCountry "ITA"]
[SourceTitle "playchess.com"]
[Source "ChessBase"]
[SourceQuality "1"]
[TimeControl "5400+30"]

1. d4 d5 2. c4 e6 3. Nc3 Nf6 4. cxd5 exd5 5. Bg5 Be7 6. e3 O-O 7. Bd3 h6 8. Bh4 Re8 9. Nge2 c6 10. O-O Ne4 11. Bxe7 Qxe7 12. Bxe4 dxe4 13. Qc2 Nd7 14. Ng3 Nf6 15. Rad1 Bg4 16. Rd2 Rad8 17. h3 Bh5 18. Nxh5 Nxh5 19. d5 Qc5 20. Rfd1 Nf6 21. Qb3 cxd5 22. Nxd5 Nxd5 23. Rxd5 Rxd5 24. Qxd5 Qxd5 25. Rxd5 Re7 26. Kf1 Rc7 27. Ke2 Kf8 28. Kd2 f6 29. g4 Kf7 30. b4 Ke6 31. Ra5 a6 32. Ra3 f5 33. gxf5+ Kxf5 34. Ra5+ Ke6 35. h4 Rf7 36. Ke2 Rf5 37. Rxf5 Kxf5 38. f3 g5 39. hxg5 hxg5 40. fxe4+ Kxe4 41. a4 g4 42. b5 a5 43. Kf2 g3+ 44. Kxg3 Kxe3 45. Kg4 Kd4 46. Kf4 Kc4 47. Ke4 Kb4 48. Kd4 Kxa4 49. Kc4 b6 50. Kc3 Kxb5 51. Kb3 a4+ 52. Ka3 Ka5 53. Ka2 b5 54. Kb2 Kb4 55. Ka2 Kc3 56. Kb1 b4 57. Kc1 a3 58. Kb1 b3 59. Ka1 b2+ 60. Kb1 a2+ 61. Kxa2 Kc2 62. Ka3 b1=Q 63. Ka4 Qb6 64. Ka3 Qb3# 0-1

[Event "FIDE WCCC Girls-10 2024"]
[Site "Montesilvano"]
[Date "2024.11.24"]
[Round "9.12"]
[White "Bayramova, Aya"]
[Black "Sun, Yucan(Sd)"]
[Result "0-1"]
[Annotator "NA RC"]
[ECO "D90"]
[WhiteElo "1634"]
[BlackElo "1725"]
[PlyCount "100"]
[EventDate "2024.11.18"]
[EventType "swiss"]
[EventCountry "ITA"]
[SourceTitle "playchess.com"]
[Source "ChessBase"]
[SourceQuality "1"]
[TimeControl "5400+30"]

1. d4 Nf6 2. c4 c6 3. Nc3 d5 4. Nf3 g6 5. Bf4 dxc4 6. a4 Nd5 7. Be5 f6 8. Bg3 Bg7 9. e3 Nxc3 10. bxc3 Be6 11. Nd2 b5 12. Be2 a6 13. O-O O-O 14. Bf3 Bd5 15. axb5 cxb5 16. Bxb8 Bxf3 17. Qxf3 Qxb8 18. Ne4 f5 19. Nc5 Qd6 20. Ra5 Ra7 21. Rfa1 Rfa8 22. Nb7 Qb6 23. Nc5 e6 24. Qe2 Bf8 25. e4 Bxc5 26. dxc5 Qxc5 27. exf5 Qxf5 28. g4 Qd5 29. R5a2 e5 30. Rd2 Qe6 31. Re1 Re8 32. Qe4 Rd7 33. Red1 Rxd2 34. Rxd2 Kg7 35. Kg2 Re7 36. h3 Qf6 37. f3 Qf4 38. Ra2 Qxe4 39. fxe4 Re6 40. g5 Kf7 41. Kf3 Ke7 42. Ke3 Kd7 43. Rf2 a5 44. Rb2 Kc6 45. Ra2 a4 46. Ra3 Kc5 47. Ra2 Rd6 48. Kf3 Rd3+ 49. Kg4 Rxc3 50. Kh4 Re3 0-1

[Event "FIDE WCCC Girls-10 2024"]
[Site "Montesilvano"]
[Date "2024.11.24"]
[Round "9.13"]
[White "Shtepa, Liubov"]
[Black "Jaksa, Ema"]
[Result "1/2-1/2"]
[Annotator "NA RC"]
[ECO "C57"]
[WhiteElo "1615"]
[BlackElo "1635"]
[PlyCount "143"]
[EventDate "2024.11.18"]
[EventType "swiss"]
[EventCountry "ITA"]
[SourceTitle "playchess.com"]
[Source "ChessBase"]
[SourceQuality "1"]
[TimeControl "5400+30"]

1. e4 e5 2. Nf3 Nc6 3. Bc4 Nf6 4. Ng5 d5 5. exd5 b5 6. Bf1 Nxd5 7. Bxb5 Bb7 8. d4 exd4 9. O-O Be7 10. Qh5 g6 11. Qh6 Qd7 12. Re1 O-O-O 13. Nxf7 Bb4 14. Nxd8 Bxe1 15. Nxb7 Kxb7 16. Bd2 Re8 17. Na3 Bxd2 18. Qxd2 Qe6 19. Bxc6+ Kxc6 20. h3 Qe4 21. Qa5 Nf4 22. Qb5+ Kd6 23. Nc4+ Ke7 24. Qe5+ Qxe5 25. Nxe5 Kd6 26. Nf3 c5 27. Rd1 Kd5 28. g3 Ne6 29. c3 a5 30. b3 a4 31. b4 cxb4 32. Nxd4 Kc4 33. Nxe6 Rxe6 34. cxb4 Kxb4 35. Kf1 Ka3 36. Rd2 Rb6 37. f4 Rb2 38. Rxb2 Kxb2 39. g4 Kxa2 40. f5 gxf5 41. gxf5 a3 42. f6 Kb3 43. f7 a2 44. f8=Q a1=Q+ 45. Kg2 Qb2+ 46. Kg3 Qc3+ 47. Qf3 Qxf3+ 48. Kxf3 Kc4 49. Ke4 Kc5 50. Ke5 h6 51. h4 h5 52. Ke6 Kc6 53. Kf6 Kd6 54. Kg6 Ke6 55. Kg5 Ke5 56. Kxh5 Kf5 57. Kh6 Kf6 58. h5 Kf7 59. Kh7 Kf8 60. Kg6 Kg8 61. Kh6 Kh8 62. Kg6 Kg8 63. Kf6 Kh7 64. Kg5 Kg7 65. h6+ Kh7 66. Kh5 Kh8 67. Kg6 Kg8 68. Kf6 Kh7 69. Kg5 Kh8 70. Kg6 Kg8 71. h7+ Kh8 72. Kh6 1/2-1/2

[Event "FIDE WCCC Girls-10 2024"]
[Site "Montesilvano"]
[Date "2024.11.24"]
[Round "9.14"]
[White "Pham, Nhu Y"]
[Black "Ahmadli, Mehriban"]
[Result "1-0"]
[Annotator "RC"]
[ECO "E61"]
[WhiteElo "1914"]
[BlackElo "1624"]
[PlyCount "187"]
[EventDate "2024.11.18"]
[EventType "swiss"]
[EventCountry "ITA"]
[SourceTitle "playchess.com"]
[Source "ChessBase"]
[SourceQuality "1"]
[TimeControl "5400+30"]

1. d4 Nf6 2. Nf3 g6 3. c4 Bg7 4. Nc3 O-O 5. Bf4 d6 6. h3 c5 7. d5 a6 8. e3 Qa5 9. Qb3 Ne4 10. Rc1 Nd7 11. Be2 Ndf6 12. O-O Nxc3 13. Qxc3 Qxc3 14. Rxc3 b5 15. a3 bxc4 16. Bxc4 Rb8 17. Rc2 Rd8 18. g4 h6 19. Nd2 g5 20. Bg3 h5 21. f3 e6 22. e4 exd5 23. exd5 h4 24. Bh2 Bb7 25. Ne4 Nxe4 26. fxe4 Bc8 27. b3 Rb6 28. Kg2 Bd4 29. Rf3 Re8 30. Re2 a5 31. Bg1 Bxg1 32. Kxg1 Bd7 33. Rf6 Re7 34. e5 Kg7 35. Ref2 Be8 36. R2f5 a4 37. Rxg5+ Kf8 38. exd6 Rd7 39. Rh6 Rdxd6 40. Rxd6 Rxd6 41. bxa4 Bxa4 42. Rh5 Bc2 43. Rxh4 Be4 44. Rh5 Kg7 45. Re5 Bc2 46. Re8 Kg6 47. Rc8 Ba4 48. Rxc5 Kf6 49. Rc7 Bd7 50. Kf2 Ke5 51. Kg3 f5 52. gxf5 Kxf5 53. h4 Rg6+ 54. Kf3 Rd6 55. Bb3 Ke5 56. Rb7 Rf6+ 57. Ke3 Bg4 58. Rb4 Rf3+ 59. Kd2 Rf2+ 60. Ke1 Re2+ 61. Kf1 Bh5 62. Bd1 Ra2 63. Bxh5 Rxa3 64. Be2 Kxd5 65. h5 Rh3 66. Kg2 Re3 67. Bf3+ Kd6 68. Rh4 Re8 69. Kg3 Ke7 70. Be4 Rh8 71. h6 Kf6 72. Kf4 Rg8 73. Rh5 Rh8 74. Rf5+ Ke7 75. Kg5 Rg8+ 76. Kh5 Rh8 77. Kg6 Rg8+ 78. Kh7 Rg4 79. Bf3 Rg3 80. Kh8 Ke6 81. Rf4 Ke5 82. Rf8 Ke6 83. h7 Ke7 84. Rf4 Rg6 85. Rg4 Rf6 86. Kg7 Rf7+ 87. Kg6 Rf6+ 88. Kg5 Rf8 89. Rh4 Rh8 90. Kg6 Kf8 91. Kf6 Ke8 92. Kg7 Ke7 93. Kxh8 Kf8 94. Rf4+ 1-0

[Event "FIDE WCCC Girls-10 2024"]
[Site "Montesilvano"]
[Date "2024.11.24"]
[Round "9.15"]
[White "Nguyen, Lam Vy Le"]
[Black "Mohamed Ahmed, Ghidaa"]
[Result "1/2-1/2"]
[Annotator "NA RC"]
[ECO "C41"]
[WhiteElo "1728"]
[BlackElo "1638"]
[PlyCount "64"]
[EventDate "2024.11.18"]
[EventType "swiss"]
[EventCountry "ITA"]
[SourceTitle "playchess.com"]
[Source "ChessBase"]
[SourceQuality "1"]
[TimeControl "5400+30"]

1. e4 e5 2. Nf3 d6 3. d4 exd4 4. Nxd4 Nf6 5. Nc3 Be7 6. g3 h6 7. Bg2 O-O 8. O-O Re8 9. h3 Nbd7 10. Bf4 Nf8 11. Qd2 Ng6 12. Rad1 Nxf4 13. Qxf4 Bf8 14. Rfe1 Nd7 15. Nf3 Qf6 16. Nd5 Qd8 17. g4 c6 18. Nc3 Qf6 19. Qg3 Ne5 20. Nxe5 Qxe5 21. Qxe5 dxe5 22. Rd3 Be6 23. Red1 Be7 24. Kh2 Rad8 25. Kg3 Rxd3+ 26. Rxd3 Rd8 27. Rxd8+ Bxd8 28. f4 exf4+ 29. Kxf4 Bc7+ 30. Ke3 Kf8 31. Bf1 Ke7 32. Na4 Bh2 1/2-1/2

[Event "FIDE WCCC Girls-10 2024"]
[Site "Montesilvano"]
[Date "2024.11.24"]
[Round "9.16"]
[White "Tran Hoang Bao An"]
[Black "Li, Wan Qin"]
[Result "0-1"]
[Annotator "NA RC"]
[ECO "E11"]
[WhiteElo "1714"]
[BlackElo "1628"]
[PlyCount "68"]
[EventDate "2024.11.18"]
[EventType "swiss"]
[EventCountry "ITA"]
[SourceTitle "playchess.com"]
[Source "ChessBase"]
[SourceQuality "1"]
[TimeControl "5400+30"]

1. d4 Nf6 2. c4 e6 3. Nf3 Bb4+ 4. Bd2 Bxd2+ 5. Nbxd2 d5 6. g3 O-O 7. Bg2 Re8 8. O-O c6 9. Qc2 b6 10. e4 dxe4 11. Nxe4 Bb7 12. c5 Nxe4 13. Qxe4 bxc5 14. dxc5 Qe7 15. b4 a5 16. a3 Nd7 17. Nd4 Rac8 18. Rfe1 Qf6 19. Nb5 axb4 20. Nd6 Nxc5 21. Qxb4 Nd3 22. Nxe8 Rxe8 23. Qxb7 Qxf2+ 24. Kh1 Nxe1 25. Qxc6 Rd8 26. Qe4 Nd3 27. Rf1 Qxf1+ 28. Bxf1 Nf2+ 29. Kg1 Nxe4 30. a4 Ra8 31. a5 Rxa5 32. Bd3 Nc5 33. Bc2 Ra1+ 34. Kg2 Ra2 0-1

[Event "FIDE WCCC Girls-10 2024"]
[Site "Montesilvano"]
[Date "2024.11.24"]
[Round "9.17"]
[White "Artemenko, Isabella"]
[Black "Bhavanya Panchumarthi"]
[Result "0-1"]
[Annotator "NA RC"]
[ECO "B25"]
[WhiteElo "1637"]
[BlackElo "1703"]
[PlyCount "94"]
[EventDate "2024.11.18"]
[EventType "swiss"]
[EventCountry "ITA"]
[SourceTitle "playchess.com"]
[Source "ChessBase"]
[SourceQuality "1"]
[TimeControl "5400+30"]

1. e4 c5 2. Nc3 Nc6 3. g3 g6 4. Bg2 Bg7 5. d3 d6 6. f4 Nf6 7. Nf3 O-O 8. O-O Rb8 9. h3 b5 10. g4 b4 11. Ne2 Bb7 12. f5 a5 13. Qe1 a4 14. Rb1 Re8 15. Qh4 Qc8 16. Bh6 Bh8 17. Bd2 Ba6 18. Rf2 c4 19. fxg6 fxg6 20. Ng5 Qd7 21. d4 e5 22. d5 Nd8 23. Rbf1 Rf8 24. c3 b3 25. a3 Bg7 26. Ne6 Nxe6 27. dxe6 Qxe6 28. Qg3 Bb7 29. Qe3 Nd7 30. Rxf8+ Rxf8 31. Rxf8+ Bxf8 32. Qa7 Nc5 33. Nc1 Bxe4 34. Be3 Bxg2 35. Kxg2 Qd5+ 36. Kg3 Ne4+ 37. Kf3 Nxc3+ 38. Kf2 Nd1+ 39. Ke2 Nxb2 40. Qb8 Qg2+ 41. Bf2 Nd3 42. Nxd3 cxd3+ 43. Ke1 d2+ 44. Ke2 Qd5 45. Kd1 Qf3+ 46. Kxd2 Qxf2+ 47. Kc1 Qc2# 0-1

[Event "FIDE WCCC Girls-10 2024"]
[Site "Montesilvano"]
[Date "2024.11.24"]
[Round "9.18"]
[White "Blakhina Viktoryia"]
[Black "Tu, Tiffany"]
[Result "1/2-1/2"]
[Annotator "NA RC"]
[ECO "C45"]
[WhiteElo "1436"]
[BlackElo "1687"]
[PlyCount "155"]
[EventDate "2024.11.18"]
[EventType "swiss"]
[EventCountry "ITA"]
[SourceTitle "playchess.com"]
[Source "ChessBase"]
[SourceQuality "1"]
[TimeControl "5400+30"]

1. e4 e5 2. Nf3 Nc6 3. d4 exd4 4. Nxd4 Nf6 5. Nxc6 bxc6 6. Bd3 d5 7. e5 Ng4 8. O-O Bc5 9. Bf4 g5 10. Bg3 h5 11. h3 h4 12. Bh2 Nxh2 13. Kxh2 g4 14. hxg4 Qg5 15. f4 Qxg4 16. Qxg4 Bxg4 17. Nd2 h3 18. g3 f6 19. Nb3 Bb6 20. Rae1 Kd7 21. exf6 Rhf8 22. Re7+ Kd6 23. Rg7 Be6 24. f5 Bd7 25. f7 Ke7 26. f6+ Kd6 27. g4 Be6 28. Bg6 Bxg4 29. Rf4 Be6 30. Rf3 Rad8 31. Nc1 Rd7 32. Rg8 Rdd8 33. Nd3 Rxg8 34. fxg8=Q Rxg8 35. Nf4 Rf8 36. Nxe6 Kxe6 37. f7 Bd4 38. b3 a5 39. Kxh3 Bg7 40. Kg2 Ke7 41. Kf2 c5 42. Ke3 c6 43. Kd3 Kd6 44. Re3 Be5 45. Rf3 Ke6 46. Ke3 Bd4+ 47. Kd3 Be5 48. c4 Kd6 49. Ke3 Bd4+ 50. Kd3 Be5 51. Bh5 Ke6 52. Rf2 Bd6 53. Rg2 Rh8 54. Bg6 Rf8 55. Kc3 Be5+ 56. Kd3 Bd6 57. Ke3 Rh8 58. Rf2 Rh3+ 59. Ke2 Rh8 60. Ke3 Rh3+ 61. Rf3 Rh8 62. Kd3 Rf8 63. Bf5+ Kxf7 64. Bd7+ Ke7 65. Rxf8 Kxf8 66. Bxc6 d4 67. Be4 Ke7 68. Bd5 Kd7 69. a3 Kc7 70. a4 Kd7 71. Bf3 Ke6 72. Ke4 Be7 73. Bg4+ Kd6 74. Bf5 Bg5 75. Bg4 Bf6 76. Bf5 Bg5 77. Bg4 Bf6 78. Bf5 1/2-1/2

[Event "FIDE WCCC Girls-10 2024"]
[Site "Montesilvano"]
[Date "2024.11.24"]
[Round "9.19"]
[White "Constantin-Ciuntu, Anne-Sophie"]
[Black "Tykalova, Barbora"]
[Result "1/2-1/2"]
[Annotator "NA RC"]
[ECO "B13"]
[WhiteElo "1672"]
[BlackElo "1596"]
[PlyCount "92"]
[EventDate "2024.11.18"]
[EventType "swiss"]
[EventCountry "ITA"]
[SourceTitle "playchess.com"]
[Source "ChessBase"]
[SourceQuality "1"]
[TimeControl "5400+30"]

1. d4 d5 2. Bf4 c5 3. e3 cxd4 4. exd4 Nc6 5. Nf3 Nf6 6. Be2 Bf5 7. O-O e6 8. Nbd2 Be7 9. c3 h6 10. Qb3 Qc8 11. Ne5 Nxe5 12. Bxe5 O-O 13. a4 Nd7 14. Bg3 Bg6 15. Rfe1 f5 16. Bd3 Bf6 17. Nf3 Bf7 18. Ne5 Nxe5 19. Bxe5 Be7 20. Re3 g5 21. f4 Bg6 22. Rh3 Kh7 23. Re1 g4 24. Rhe3 Bf7 25. g3 Rg8 26. Ra1 Rg6 27. a5 Be8 28. Qc2 Bd7 29. b4 a6 30. c4 dxc4 31. Qxc4 Qxc4 32. Bxc4 Rc8 33. Bf1 h5 34. Bg2 Bc6 35. Bxc6 Rxc6 36. Rb3 b5 37. Rab1 Rc4 38. Kf1 Rg8 39. Ke1 Rgc8 40. Kd1 Rc2 41. R3b2 R2c4 42. Kd2 h4 43. Kd1 hxg3 44. hxg3 Rc3 45. Rb3 R3c4 46. R3b2 Kg6 1/2-1/2

[Event "FIDE WCCC Girls-10 2024"]
[Site "Montesilvano"]
[Date "2024.11.24"]
[Round "9.20"]
[White "Yi, Ruiyu"]
[Black "Trzcinska, Weronika"]
[Result "1-0"]
[Annotator "NA RC"]
[ECO "D35"]
[WhiteElo "1571"]
[BlackElo "1653"]
[PlyCount "49"]
[EventDate "2024.11.18"]
[EventType "swiss"]
[EventCountry "ITA"]
[SourceTitle "playchess.com"]
[Source "ChessBase"]
[SourceQuality "1"]
[TimeControl "5400+30"]

1. d4 d5 2. c4 e6 3. Nc3 Nf6 4. cxd5 exd5 5. Bg5 c6 6. Qc2 Be7 7. e3 Be6 8. Bd3 h6 9. Bh4 Nbd7 10. Nge2 Qc7 11. Nf4 Qd6 12. Bg3 Qb4 13. a3 Qa5 14. Nxe6 fxe6 15. Bg6+ Kd8 16. O-O b5 17. e4 Nf8 18. exd5 exd5 19. Rfe1 a6 20. Bf5 Rg8 21. Qe2 Ra7 22. Rac1 g6 23. Be6 Rg7 24. Qe5 Qb6 25. Nxd5 1-0

[Event "FIDE WCCC Girls-10 2024"]
[Site "Montesilvano"]
[Date "2024.11.24"]
[Round "9.21"]
[White "Mandukhai, Munkhbat"]
[Black "Wang, Mi Ya Mia"]
[Result "1/2-1/2"]
[Annotator "NA RC"]
[ECO "B21"]
[WhiteElo "1645"]
[BlackElo "1552"]
[PlyCount "152"]
[EventDate "2024.11.18"]
[EventType "swiss"]
[EventCountry "ITA"]
[SourceTitle "playchess.com"]
[Source "ChessBase"]
[SourceQuality "1"]
[TimeControl "5400+30"]

1. e4 c5 2. d4 cxd4 3. c3 dxc3 4. bxc3 Nc6 5. Nf3 e6 6. Bf4 d6 7. Bc4 Be7 8. O-O e5 9. Bg3 Nf6 10. Qe2 O-O 11. h3 Qc7 12. Rd1 b6 13. Bd3 Bb7 14. Nbd2 Rac8 15. Rac1 h6 16. Nh4 Nd8 17. Nf5 Ne6 18. Nf3 Nc5 19. Nd2 Rfd8 20. f3 Ne6 21. Bc4 Nh5 22. Qe1 Bg5 23. Bh4 Bxd2 24. Rxd2 Qxc4 25. Bxd8 Rxd8 26. Qe3 Nhf4 27. Rcd1 Ba6 28. Nxd6 Ne2+ 29. Kh2 Qc6 30. Nf5 Rxd2 31. Rxd2 Kh7 32. Nd6 f6 33. Nf5 N2f4 34. Rd6 Qc4 35. Qd2 Qf1 36. Ne3 Qb5 37. g3 Ng5 38. Qd1 Nfxh3 39. Rd7 Bc8 40. Rd2 Be6 41. Rg2 Qe8 42. g4 Nf4 43. Rd2 Qc6 44. c4 Qc5 45. Ng2 Nxg2 46. Kxg2 Qxc4 47. Rc2 Qa4 48. Qd2 Qa3 49. Qe2 a6 50. Rb2 b5 51. Rc2 Bc4 52. Qf2 a5 53. Rd2 b4 54. Rc2 Be6 55. Rb2 a4 56. Rd2 b3 57. axb3 axb3 58. Rb2 Qb4 59. Rd2 Qc3 60. Re2 Qc1 61. Rb2 Qc3 62. Re2 b2 63. Rxb2 Nxf3 64. Re2 Ng5 65. Re3 Qd4 66. Qe1 Bxg4 67. Kg3 Qd1 68. Qf2 Be6 69. Re2 Qh1 70. Qc5 Nxe4+ 71. Rxe4 Qxe4 72. Qc7 Qf4+ 73. Kg2 Bd5+ 74. Kh3 Qf3+ 75. Kh4 Be6 76. Qxg7+ Kxg7 1/2-1/2

[Event "FIDE WCCC Girls-10 2024"]
[Site "Montesilvano"]
[Date "2024.11.24"]
[Round "9.22"]
[White "Norkulova, Malika"]
[Black "Rzadkowska, Lila"]
[Result "1-0"]
[Annotator "NA RC"]
[ECO "A36"]
[WhiteElo "1480"]
[BlackElo "1765"]
[PlyCount "123"]
[EventDate "2024.11.18"]
[EventType "swiss"]
[EventCountry "ITA"]
[SourceTitle "playchess.com"]
[Source "ChessBase"]
[SourceQuality "1"]
[TimeControl "5400+30"]

1. c4 c5 2. Nc3 Nc6 3. g3 g6 4. Bg2 Bg7 5. e4 e6 6. d3 Nge7 7. Nge2 d6 8. O-O O-O 9. a3 Rb8 10. Rb1 b6 11. Bf4 Nd4 12. b4 e5 13. Bd2 f5 14. exf5 Bxf5 15. Bg5 Bg4 16. f4 exf4 17. gxf4 Qe8 18. Qd2 Nef5 19. Rfe1 Bxe2 20. Nxe2 h6 21. Ng3 Qd7 22. Bd5+ Kh8 23. Qg2 Nxg3 24. hxg3 Rbe8 25. Qh2 Kh7 26. Bh4 Qg4 27. Be7 Rxf4 28. Bxd6 Ne2+ 29. Kg2 Rf6 30. bxc5 Qd4 31. Rf1 Nc3 32. Qg1 Re2+ 33. Kh3 Qxg1 34. Rxg1 Nxb1 35. Rxb1 Rff2 36. Rh1 bxc5 37. Bxc5 Rf5 38. Rb1 a6 39. Rb7 Rfe5 40. Bf8 Rf2 41. Rxg7+ Kh8 42. Rxg6 Rxf8 43. Rxh6+ Kg7 44. Rxa6 Re3 45. Be4 Rc8 46. Kh4 Re2 47. g4 Rh8+ 48. Kg5 Rf2 49. Bf5 Rg8 50. Rg6+ Kf8 51. Rxg8+ Kxg8 52. Kf6 Ra2 53. g5 Rxa3 54. g6 Ra7 55. Be6+ Kf8 56. d4 Rc7 57. c5 Rf7+ 58. Ke5 Rc7 59. Kd6 Rg7 60. c6 Ke8 61. c7 Rxc7 62. Kxc7 1-0

[Event "FIDE WCCC Girls-10 2024"]
[Site "Montesilvano"]
[Date "2024.11.24"]
[Round "9.23"]
[White "Rosset, Anna"]
[Black "Kravchuk, Daria"]
[Result "1-0"]
[Annotator "NA RC"]
[ECO "B22"]
[WhiteElo "1814"]
[BlackElo "1569"]
[PlyCount "109"]
[EventDate "2024.11.18"]
[EventType "swiss"]
[EventCountry "ITA"]
[SourceTitle "playchess.com"]
[Source "ChessBase"]
[SourceQuality "1"]
[TimeControl "5400+30"]

1. e4 c5 2. Nf3 Nc6 3. c3 d5 4. exd5 Qxd5 5. d4 Bf5 6. Be2 cxd4 7. cxd4 Bxb1 8. Rxb1 e6 9. O-O Bd6 10. b3 Nf6 11. Bc4 Qh5 12. Bb2 O-O 13. Re1 b5 14. Bd3 Nb4 15. Be2 Qd5 16. a3 Nc6 17. Ne5 Bxe5 18. dxe5 Qxd1 19. Rbxd1 Nd5 20. Bxb5 Na5 21. b4 Rab8 22. Be2 Rfc8 23. Bd4 Nc6 24. Bc5 a5 25. Bd6 axb4 26. Bxb8 Rxb8 27. axb4 Ncxb4 28. Rc1 g6 29. Rc4 h5 30. Rb1 Kg7 31. Bf3 Nc6 32. Rxb8 Nxb8 33. Bxd5 exd5 34. Rd4 Nc6 35. Rxd5 Kf8 36. f4 Ke7 37. g3 Nb4 38. Rb5 Nc2 39. Kf2 Nd4 40. Rb7+ Ke6 41. Rb6+ Kd5 42. Rf6 Nf5 43. Rxf7 Nh6 44. Rd7+ Ke6 45. Rd6+ Kf7 46. Rf6+ Kg7 47. h3 Ng8 48. Ra6 Ne7 49. Ra7 Kf7 50. Ke3 Ke6 51. Rxe7+ Kxe7 52. Ke4 Ke6 53. g4 hxg4 54. hxg4 Ke7 55. f5 1-0

[Event "FIDE WCCC Girls-10 2024"]
[Site "Montesilvano"]
[Date "2024.11.24"]
[Round "9.24"]
[White "Samhita Pungavanam"]
[Black "Sobirova, Mumtozbegim"]
[Result "1-0"]
[Annotator "NA RC"]
[ECO "B22"]
[WhiteElo "1752"]
[BlackElo "1476"]
[PlyCount "131"]
[EventDate "2024.11.18"]
[EventType "swiss"]
[EventCountry "ITA"]
[SourceTitle "playchess.com"]
[Source "ChessBase"]
[SourceQuality "1"]
[TimeControl "5400+30"]

1. e4 c5 2. Nf3 e6 3. c3 Nf6 4. e5 Nd5 5. d4 cxd4 6. Bc4 Nb6 7. Bb3 d6 8. exd6 Bxd6 9. Qxd4 O-O 10. Bc2 h6 11. O-O Nc6 12. Qd3 f5 13. Rd1 Bc7 14. Qe2 Qf6 15. Bb3 Kh8 16. Be3 e5 17. Nbd2 Re8 18. Nf1 e4 19. Bd4 Nxd4 20. Nxd4 Bd7 21. a4 a5 22. Bc2 Bc6 23. Nxc6 Qxc6 24. Ng3 Bxg3 25. hxg3 Qc4 26. Qxc4 Nxc4 27. b3 Ne5 28. Rd5 Rad8 29. Rad1 Rxd5 30. Rxd5 b6 31. b4 axb4 32. cxb4 Nc6 33. Bb1 Nxb4 34. Rxf5 Nd3 35. Rd5 Ra8 36. Rd4 Nc5 37. Bxe4 Re8 38. Bc6 Re1+ 39. Kh2 Re2 40. f3 Re6 41. Be4 Re8 42. Bc2 Rc8 43. Rc4 Ra8 44. g4 Ne6 45. Rb4 Nc5 46. f4 Kg8 47. g5 hxg5 48. fxg5 Kf8 49. g6 Nd7 50. Bf5 Nc5 51. Bc2 Nd7 52. Rf4+ Nf6 53. g4 Rc8 54. Bf5 Rd8 55. g5 Rd2+ 56. Kg1 Nd5 57. Re4 Rd1+ 58. Kf2 Rd2+ 59. Ke1 Rc2 60. Bd7 Rc1+ 61. Kd2 Rd1+ 62. Kc2 Ne3+ 63. Rxe3 Rxd7 64. Re6 Rb7 65. Kb3 b5 66. a5 1-0

[Event "FIDE WCCC Girls-10 2024"]
[Site "Montesilvano"]
[Date "2024.11.24"]
[Round "9.25"]
[White "Foong, Livia"]
[Black "Stoica, Melina-Theodora"]
[Result "1-0"]
[Annotator "NA RC"]
[ECO "B14"]
[WhiteElo "1461"]
[BlackElo "1675"]
[PlyCount "71"]
[EventDate "2024.11.18"]
[EventType "swiss"]
[EventCountry "ITA"]
[SourceTitle "playchess.com"]
[Source "ChessBase"]
[SourceQuality "1"]
[TimeControl "5400+30"]

1. d4 Nf6 2. Nf3 e6 3. Bf4 d5 4. e3 c5 5. Be2 Nc6 6. c4 cxd4 7. exd4 Be7 8. O-O O-O 9. Nc3 a6 10. Qd2 dxc4 11. Bxc4 b5 12. Be2 Bb7 13. Rfd1 Qb6 14. Ne5 Rfd8 15. Nxc6 Bxc6 16. Be3 Qb7 17. Bf1 Rd7 18. h3 Rad8 19. Qc2 Ne4 20. f3 Nxc3 21. bxc3 Bf6 22. Bd3 h6 23. Rab1 Qc7 24. Rbc1 Bb7 25. Qf2 e5 26. dxe5 Bxe5 27. Bb6 Bg3 28. Bxc7 Bxf2+ 29. Kxf2 Rxc7 30. Bh7+ Kxh7 31. Rxd8 Kg6 32. Rd4 Kf5 33. g4+ Ke5 34. f4+ Ke6 35. Re1+ Kf6 36. Rd6# 1-0

[Event "FIDE WCCC Girls-10 2024"]
[Site "Montesilvano"]
[Date "2024.11.24"]
[Round "9.26"]
[White "Afandi, Sadagul"]
[Black "Macchia-Shahar, Yali"]
[Result "1-0"]
[Annotator "NA RC"]
[ECO "B80"]
[WhiteElo "1625"]
[BlackElo "1564"]
[PlyCount "69"]
[EventDate "2024.11.18"]
[EventType "swiss"]
[EventCountry "ITA"]
[SourceTitle "playchess.com"]
[Source "ChessBase"]
[SourceQuality "1"]
[TimeControl "5400+30"]

1. e4 c5 2. Nf3 e6 3. d4 cxd4 4. Nxd4 a6 5. Nc3 Qc7 6. g3 Nf6 7. Bg2 Nc6 8. O-O Be7 9. Re1 d6 10. h3 Bd7 11. Nxc6 Bxc6 12. Bf4 Rd8 13. Qe2 O-O 14. Rad1 e5 15. Be3 Qd7 16. Rd2 Qe6 17. Red1 Rd7 18. g4 Rfd8 19. Nd5 Bf8 20. Nb6 Re7 21. Bc5 Rc7 22. Nd5 Rcc8 23. Bb6 Rd7 24. g5 Ne8 25. h4 f6 26. gxf6 gxf6 27. Kh2 Bh6 28. Be3 Bxe3 29. Bh3 Qf7 30. Qxe3 Kh8 31. Bxd7 Bxd7 32. Rg1 Ng7 33. Qh6 Rf8 34. f3 Qg8 35. Rdg2 1-0

[Event "FIDE WCCC Girls-10 2024"]
[Site "Montesilvano"]
[Date "2024.11.24"]
[Round "9.27"]
[White "Malcheva, Niya"]
[Black "Lisboa, Maria Eduarda Mazzar"]
[Result "1/2-1/2"]
[Annotator "NA RC"]
[ECO "B01"]
[WhiteElo "1620"]
[BlackElo "1490"]
[PlyCount "138"]
[EventDate "2024.11.18"]
[EventType "swiss"]
[EventCountry "ITA"]
[SourceTitle "playchess.com"]
[Source "ChessBase"]
[SourceQuality "1"]
[TimeControl "5400+30"]

1. e4 d5 2. exd5 Qxd5 3. Nc3 Qa5 4. Nf3 Nf6 5. h3 e6 6. Bc4 c6 7. d3 Bd6 8. Bd2 Qc7 9. a3 O-O 10. O-O Nbd7 11. Qe2 Nb6 12. Ba2 Bd7 13. Ne4 Be7 14. Bc3 Qd8 15. Rae1 Nbd5 16. Be5 Nxe4 17. Qxe4 Nf6 18. Qd4 c5 19. Qc3 b6 20. d4 Rc8 21. dxc5 Bxc5 22. Qd3 Bc6 23. Nd4 Bxd4 24. Bxd4 Qd7 25. c3 Rfd8 26. Qg3 Kh8 27. Rd1 Qe7 28. Bb1 Rg8 29. Qd3 Be4 30. Bxf6 Bxd3 31. Bxe7 Bxf1 32. Rxf1 Rc7 33. Bh4 Rd7 34. Bg5 f6 35. Be3 Rgd8 36. Bc2 e5 37. f4 Re7 38. fxe5 Rxe5 39. Kf2 Rde8 40. Re1 f5 41. g3 g5 42. Bd4 Kg8 43. Rxe5 Rxe5 44. Bxf5 Rxf5+ 45. Ke3 Rf1 46. c4 Rh1 47. Kf3 h6 48. Kg2 Rd1 49. Bc3 Rd7 50. Be5 Kf7 51. Kf3 Ke6 52. Ke4 h5 53. h4 g4 54. Bf4 a6 55. Be5 Rf7 56. Bf4 Rd7 57. Be5 Rd2 58. Bc3 Rf2 59. Bd4 Rf3 60. Be5 Rf5 61. Bc3 b5 62. cxb5 axb5 63. Bd4 Rf3 64. Be5 Rf7 65. Bc3 Rf3 66. Be5 Rf1 67. Bc3 Rf3 68. Be5 Rf7 69. Bc3 Rf3 1/2-1/2